Atomiques vs Demolitions
Created - March 11, 2021 at 18:59
Goals
|
| Atomiques |
0 |
0 |
1 |
1 |
| Demolitions |
1 |
0 |
1 |
2 |
|
Shots
|
| Atomiques |
5 |
11 |
14 |
30 |
| Demolitions |
16 |
10 |
9 |
35 |
|
1st period
1. Demolitions , Wiley Sherman 5 (Olli Maatta 15, Taylor Beck 40) at 12:22 (PP)
Penalties :
Brock Boeser (STB) for Hooking (Minor) at 11:27, Dennis Everberg (Vic) for High sticking (Minor) at 13:49
2nd period
No Goal
Penalties :
Andrej Nestrasil (Vic) for Hooking (Minor) at 4:45, Brendan Lemieux (STB) for Holding (Minor) at 16:46
3rd period
2. Atomiques , Brock Boeser 8 (Dylan Strome 18) at 15:13 (PP)
3. Demolitions , Alex Hutchings 1 (Christoph Bertschy 19, Nikita Tryamkin 29) at 16:09
Penalties :
Brendan Gaunce (Vic) for Hooking (Minor) at 7:37, Brock Boeser (STB) for Roughing (Minor) at 11:03, Brendan Gaunce (Vic) for Hooking (Minor) at 14:42
Goalie Stats
Alex Nedeljkovic (STB), 33 saves from 35 shots - (0.943), L, 17-13-4, 59:02 minutes
Alexandar Georgiev (Vic), 29 saves from 30 shots - (0.967), W, 17-14-6, 60:00 minutes
Players Stats for Atomiques
Player Name G A P +/- PIM S H SB GA TA FO MP PP MP PK MP
------------------------------------------------------------------------------------
Anthony Cirelli 0 0 0 0 0 0 1 0 0 1 6/13 15:42 0:19 1:32
Brendan Guhle 0 0 0 0 0 2 0 0 0 1 0/0 17:09 0:40 2:13
Brendan Lemieux 0 0 0 0 2 4 1 0 0 1 0/0 12:55 0:00 0:47
Brock Boeser 1 0 1 0 4 3 0 0 0 0 0/0 16:11 2:50 0:00
Brock McGinn 0 0 0 -1 0 1 1 0 1 0 0/1 20:00 3:19 2:42
Chase De Leo 0 0 0 0 0 0 0 0 0 0 3/4 8:48 0:00 0:00
Cody Goloubef 0 0 0 -1 0 1 1 4 1 0 0/0 26:53 3:24 2:33
Dylan Strome 0 1 1 0 0 1 1 1 0 0 7/10 14:28 2:50 0:00
Jeremy Lauzon 0 0 0 0 0 1 1 0 0 2 0/0 20:28 2:24 2:13
Kevin Fiala 0 0 0 0 0 1 0 1 0 0 0/0 12:35 0:19 0:00
Kirill Kaprizov 0 0 0 0 0 1 0 0 0 1 0/0 10:15 0:00 1:04
Matt Tennyson 0 0 0 -1 0 1 0 1 1 1 0/0 27:56 3:24 2:40
Nicolas Aube-Kubel 0 0 0 0 0 1 1 0 0 0 0/0 9:45 0:19 0:00
Oliver Kylington 0 0 0 0 0 3 0 0 0 1 0/0 15:07 2:24 0:07
Oscar Sundqvist 0 0 0 -1 0 0 3 1 0 0 10/20 20:00 3:19 2:42
Pontus Aberg 0 0 0 -1 0 5 1 0 3 0 1/1 18:40 3:19 0:59
Sean Walker 0 0 0 0 0 2 1 0 0 0 0/0 12:17 0:40 0:00
William Nylander 0 0 0 0 0 3 2 1 0 0 0/1 15:55 2:50 0:00
Players Stats for Demolitions
Player Name G A P +/- PIM S H SB GA TA FO MP PP MP PK MP
------------------------------------------------------------------------------------
Alex Hutchings 1 0 1 1 0 2 0 0 0 0 0/0 9:20 0:00 1:15
Andrej Nestrasil 0 0 0 0 2 7 2 1 0 0 1/3 11:48 0:00 0:00
Benn Ferriero 0 0 0 0 0 1 0 0 0 0 0/0 11:49 0:00 0:00
Brandon Saad 0 0 0 0 0 3 0 0 1 0 5/7 22:18 2:22 3:30
Brendan Gaunce 0 0 0 0 4 1 3 1 0 0 1/4 13:52 2:31 0:29
Christoph Bertschy 0 1 1 1 0 1 0 0 1 0 3/4 8:05 0:00 0:00
Dennis Everberg 0 0 0 0 2 4 1 1 1 0 1/2 21:17 2:22 1:05
J.T. Brown 0 0 0 0 0 4 1 1 3 0 0/0 16:27 2:31 1:37
Jared Staal 0 0 0 0 0 0 0 0 0 0 0/0 0:00 0:00 0:00
Joshua Leivo 0 0 0 1 0 1 1 1 0 0 0/1 8:05 0:00 0:00
Juuso Riikola 0 0 0 1 0 0 1 3 0 2 0/0 19:42 1:44 2:21
Michael Ferland 0 0 0 0 0 1 0 0 0 0 1/1 11:49 0:00 0:00
Michael Prapavessis 0 0 0 0 0 0 0 0 0 0 0/0 3:49 0:00 0:00
Mitch Callahan 0 0 0 0 0 0 0 0 0 0 0/0 2:55 0:00 1:30
Nicholas Baptiste 0 0 0 0 0 0 0 0 0 0 0/0 0:00 0:00 0:00
Nikita Tryamkin 0 1 1 1 0 1 3 1 0 0 0/0 19:42 1:44 2:21
Olli Maatta 0 1 1 0 0 0 1 0 0 1 0/0 27:00 3:09 4:07
Phil McRae 0 0 0 0 0 2 0 2 1 0 11/28 18:48 2:22 0:00
Taylor Aronson 0 0 0 0 0 2 1 2 0 0 0/0 13:18 0:00 0:00
Taylor Beck 0 1 1 0 0 2 1 0 0 0 0/0 16:55 2:31 3:30
Taylor Leier 0 0 0 0 0 0 0 0 0 0 0/0 0:00 0:00 0:00
Thomas DiPauli 0 0 0 0 0 0 0 0 0 0 0/0 0:00 0:00 0:00
Tommy Vannelli 0 0 0 0 0 1 0 1 0 0 0/0 13:01 0:00 0:00
Tyler Graovac 0 0 0 0 0 0 0 0 0 0 0/0 0:00 0:00 0:00
Wiley Sherman 1 0 1 0 0 2 1 2 1 3 0/0 23:28 3:09 4:07
3 Stars
1 - Alexandar Georgiev (Vic)
2 - Alex Nedeljkovic (STB)
3 - Alex Hutchings (Vic)
Power Play
Atomiques - 1 on 4 Attempt(s) - 25.00%
Demolitions - 1 on 3 Attempt(s) - 33.33%
Penalty Kill
Atomiques - 2 on 3 Attempt(s) - 66.67%
- Score 0 goal in Penalty Kill
Demolitions - 3 on 4 Attempt(s) - 75.00%
- Score 0 goal in Penalty Kill
Team Stat
Atomiques - Hits : 14 - Faceoff Wins : 27 - Blocked Shots : 9 - Penalty Minutes : 6
Demolitions - Hits : 16 - Faceoff Wins : 23 - Blocked Shots : 16 - Penalty Minutes : 8
Official
Referees : Unknown
Linesman : Unknown
Game Notes
No Game Note
Finance
Level 1 -- Attendance: 2000 (100.00%) -- Ticket Income $26,000
Level 2 -- Attendance: 1000 (100.00%) -- Ticket Income $2,000
Total Attendance: 3000 (100.00%)
Total Ticket Income: $28,000
Other Income: $1,400
Total Income: $29,400
Atomiques
5 vs 5 Forward
Center Left Wing Right Wing Time % Phy DF OF
1 Oscar Sundqvist Brock McGinn Pontus Aberg 30 1 2 2
2 Anthony Cirelli William Nylander Brock Boeser 30 1 2 2
3 Dylan Strome Brendan Lemieux Kevin Fiala 25 1 2 2
4 Chase De Leo Kirill Kaprizov Nicolas Aube-Kubel 15 1 2 2
5 vs 5 Defense
Defense Defense Time % Phy DF OF
1 Matt Tennyson Cody Goloubef 40 1 2 2
2 Brendan Guhle Jeremy Lauzon 30 1 2 2
3 Sean Walker Oliver Kylington 20 1 2 2
4 Matt Tennyson Cody Goloubef 10 1 2 2
PowerPlay Forward
Center Left Wing Right Wing Time % Phy DF OF
1 Oscar Sundqvist Brock McGinn Pontus Aberg 60 1 2 2
2 Dylan Strome William Nylander Brock Boeser 40 1 2 2
PowerPlay Defense
Defense Defense Time % Phy DF OF
1 Matt Tennyson Cody Goloubef 60 1 2 2
2 Oliver Kylington Jeremy Lauzon 40 1 2 2
Penalty Kill 4 Players Forward
Center Wing Time % Phy DF OF
1 Oscar Sundqvist Brock McGinn 60 1 2 2
2 Anthony Cirelli Brendan Lemieux 40 1 2 2
Penalty Kill 4 Players Defense
Defense Defense Time % Phy DF OF
1 Matt Tennyson Cody Goloubef 60 1 2 2
2 Brendan Guhle Jeremy Lauzon 40 1 2 2
Penalty Kill - 3 Players Forward
Forward Time % Phy DF OF
1 Oscar Sundqvist 60 1 2 2
2 Anthony Cirelli 40 1 2 2
Penalty Kill - 3 Players Defense
Defense Defense Time % Phy DF OF
1 Matt Tennyson Cody Goloubef 60 1 2 2
2 Brendan Guhle Jeremy Lauzon 40 1 2 2
4 vs 4 Forward
Center Wing Time % Phy DF OF
1 Oscar Sundqvist Pontus Aberg 60 1 2 2
2 Anthony Cirelli Brock McGinn 40 1 2 2
4 vs 4 Defense
Defense Defense Time % Phy DF OF
1 Matt Tennyson Cody Goloubef 60 1 2 2
2 Brendan Guhle Jeremy Lauzon 40 1 2 2
Last Minutes Offensive
Center Left Wing Right Wing Defense Defense
Oscar Sundqvist Brock McGinn Pontus Aberg Jeremy Lauzon Matt Tennyson
Last Minutes Defensive
Center Left Wing Right Wing Defense Defense
Anthony Cirelli Brock McGinn Kevin Fiala Brendan Guhle Cody Goloubef
Goaltenders
Starting : Alex Nedeljkovic
Backup : Kaapo Kahkonen
Extra Forwards
Normal : William Nylander, Kevin Fiala, Kirill Kaprizov - PP : Nicolas Aube-Kubel, Kevin Fiala - PK : Pontus Aberg
Extra Defensemen
Normal : Brendan Guhle, Oliver Kylington, Matt Tennyson - PP : Brendan Guhle - PK : Oliver Kylington, Jeremy Lauzon
Penalty Shots
Pontus Aberg, William Nylander, Brock Boeser, Kirill Kaprizov, Brendan Lemieux
Scratches
Michael Downing (Healthy), Max McCormick (Healthy), Charles-Olivier Roussel (Healthy), Kyle Capobianco (Healthy), Dalton Smith (Healthy)
Axel Holmstrom (Healthy), Keegan Iverson (Healthy)
Demolitions
5 vs 5 Forward
Center Left Wing Right Wing Time % Phy DF OF
1 Phil McRae Brandon Saad Dennis Everberg 40 1 2 2
2 Brendan Gaunce Taylor Beck J.T. Brown 30 1 2 2
3 Andrej Nestrasil Michael Ferland Benn Ferriero 20 1 2 2
4 Christoph Bertschy Alex Hutchings Joshua Leivo 10 1 2 2
5 vs 5 Defense
Defense Defense Time % Phy DF OF
1 Olli Maatta Wiley Sherman 40 1 2 2
2 Nikita Tryamkin Juuso Riikola 30 1 2 2
3 Taylor Aronson Tommy Vannelli 20 1 2 2
4 Michael Prapavessis Olli Maatta 10 1 2 2
PowerPlay Forward
Center Left Wing Right Wing Time % Phy DF OF
1 Phil McRae Brandon Saad Dennis Everberg 60 1 2 2
2 Brendan Gaunce Taylor Beck J.T. Brown 40 1 2 2
PowerPlay Defense
Defense Defense Time % Phy DF OF
1 Olli Maatta Wiley Sherman 60 1 2 2
2 Nikita Tryamkin Juuso Riikola 40 1 2 2
Penalty Kill 4 Players Forward
Center Wing Time % Phy DF OF
1 Brandon Saad Taylor Beck 60 1 2 2
2 Dennis Everberg J.T. Brown 40 1 2 2
Penalty Kill 4 Players Defense
Defense Defense Time % Phy DF OF
1 Olli Maatta Wiley Sherman 60 1 2 2
2 Nikita Tryamkin Juuso Riikola 40 1 2 2
Penalty Kill - 3 Players Forward
Forward Time % Phy DF OF
1 Brandon Saad 60 1 2 2
2 Taylor Beck 40 1 2 2
Penalty Kill - 3 Players Defense
Defense Defense Time % Phy DF OF
1 Olli Maatta Wiley Sherman 60 1 2 2
2 Nikita Tryamkin Juuso Riikola 40 1 2 2
4 vs 4 Forward
Center Wing Time % Phy DF OF
1 Brandon Saad Taylor Beck 60 1 2 2
2 Dennis Everberg J.T. Brown 40 1 2 2
4 vs 4 Defense
Defense Defense Time % Phy DF OF
1 Olli Maatta Wiley Sherman 60 1 2 2
2 Nikita Tryamkin Juuso Riikola 40 1 2 2
Last Minutes Offensive
Center Left Wing Right Wing Defense Defense
Phil McRae Brandon Saad Dennis Everberg Olli Maatta Wiley Sherman
Last Minutes Defensive
Center Left Wing Right Wing Defense Defense
Phil McRae Brandon Saad Dennis Everberg Olli Maatta Wiley Sherman
Goaltenders
Starting : Alexandar Georgiev
Backup : Thatcher Demko
Extra Forwards
Normal : Nicholas Baptiste, Jared Staal, Mitch Callahan - PP : Nicholas Baptiste, Jared Staal - PK : Mitch Callahan
Extra Defensemen
Normal : Taylor Aronson, Tommy Vannelli, Michael Prapavessis - PP : Taylor Aronson - PK : Tommy Vannelli, Michael Prapavessis
Penalty Shots
Brandon Saad, Taylor Beck, Dennis Everberg, J.T. Brown, Phil McRae
Scratches
Jeremy Roy (Healthy), Jaedon Descheneau (Healthy), Aaron Haydon (Healthy), Jake Paterson (Healthy)
% Time on Ice - Atomiques
Lines # - Real PCT - Wanted PCT - Time Play
Normal Forward
1 - 29% - 30% - 13:58
2 - 28% - 30% - 13:13
3 - 24% - 25% - 11:38
4 - 18% - 15% - 8:48
Normal Defense
1 - 37% - 40% - 17:50
2 - 31% - 30% - 14:49
3 - 24% - 20% - 11:34
4 - 7% - 10% - 3:24
PP Forward
1 - 56% - 60% - 3:38
2 - 44% - 40% - 2:50
PP Defense
1 - 63% - 60% - 4:04
2 - 37% - 40% - 2:24
PK Forward
1 - 77% - 60% - 3:46
2 - 23% - 40% - 1:07
PK Defense
1 - 55% - 60% - 2:40
2 - 45% - 40% - 2:13
PK3 Forward
1 - 0% - 60%
2 - 0% - 40%
PK3 Defense
1 - 0% - 60%
2 - 0% - 40%
44 Forward
1 - 0% - 60%
2 - 0% - 40%
44 Defense
1 - 0% - 60%
2 - 0% - 40%
Last Minute Offensive - 1:02
Last Minute Defensive - 0:00
Total
Forward - 60:00
Defense - 60:00
|
% Time on Ice - Demolitions
Lines # - Real PCT - Wanted PCT - Time Play
Normal Forward
1 - 33% - 40% - 15:35
2 - 26% - 30% - 12:19
3 - 25% - 20% - 11:49
4 - 17% - 10% - 8:05
Normal Defense
1 - 32% - 40% - 15:21
2 - 33% - 30% - 15:37
3 - 27% - 20% - 13:01
4 - 8% - 10% - 3:49
PP Forward
1 - 48% - 60% - 2:22
2 - 52% - 40% - 2:31
PP Defense
1 - 65% - 60% - 3:09
2 - 35% - 40% - 1:44
PK Forward
1 - 75% - 60% - 4:51
2 - 25% - 40% - 1:37
PK Defense
1 - 64% - 60% - 4:07
2 - 36% - 40% - 2:21
PK3 Forward
1 - 0% - 60%
2 - 0% - 40%
PK3 Defense
1 - 0% - 60%
2 - 0% - 40%
44 Forward
1 - 0% - 60%
2 - 0% - 40%
44 Defense
1 - 0% - 60%
2 - 0% - 40%
Last Minute Offensive - 0:00
Last Minute Defensive - 0:51
Total
Forward - 60:00
Defense - 60:00
|
Play-by-Play
1st period
0:01 of 1st period - Oscar Sundqvist wins face-off versus Phil McRae in neutral zone.
0:30 of 1st period - Snap shot by Brendan Gaunce.
0:30 of 1st period - Shot Misses the Net.
1:50 of 1st period - Wrist shot by William Nylander.
1:50 of 1st period - Shot Misses the Net.
3:14 of 1st period - Snap shot by Brandon Saad.
3:14 of 1st period - Stopped by Alex Nedeljkovic without a rebound.
3:15 of 1st period - Anthony Cirelli wins face-off versus Phil McRae in Atomiques zone.
3:32 of 1st period - Slapshot by Dennis Everberg.
3:32 of 1st period - Shot Misses the Net.
3:34 of 1st period - Snap shot by Phil McRae.
3:34 of 1st period - Stopped by Alex Nedeljkovic without a rebound.
3:35 of 1st period - Dylan Strome wins face-off versus Brendan Gaunce in Atomiques zone.
3:50 of 1st period - Snap shot by Taylor Beck.
3:50 of 1st period - Stopped by Alex Nedeljkovic with a rebound.
4:00 of 1st period - Olli Maatta is hit by Oscar Sundqvist and loses puck.
4:23 of 1st period - Wrist shot by Brock Boeser.
4:23 of 1st period - Stopped by Alexandar Georgiev without a rebound.
4:24 of 1st period - Brendan Gaunce wins face-off versus Anthony Cirelli in Demolitions zone.
4:24 of 1st period - Brendan Gaunce is hit by Sean Walker.
4:36 of 1st period - Snap shot by Brendan Gaunce.
4:36 of 1st period - Stopped by Alex Nedeljkovic with a rebound.
5:54 of 1st period - Slapshot by Brendan Gaunce.
5:54 of 1st period - Shot Blocked by Cody Goloubef.
6:30 of 1st period - Benn Ferriero is hit by Oscar Sundqvist and loses puck.
7:15 of 1st period - Snap shot by William Nylander.
7:15 of 1st period - Deflect By Brock Boeser.
7:15 of 1st period - Shot Misses the Net.
7:15 of 1st period - Puck is out of play.
7:16 of 1st period - Oscar Sundqvist wins face-off versus Phil McRae in Demolitions zone.
7:17 of 1st period - Wrist shot by Pontus Aberg.
7:17 of 1st period - Shot Blocked by Phil McRae.
7:27 of 1st period - Snap shot by Brandon Saad.
7:27 of 1st period - Shot Misses the Net.
7:29 of 1st period - Slapshot by Taylor Aronson.
7:29 of 1st period - Stopped by Alex Nedeljkovic without a rebound.
7:30 of 1st period - Phil McRae wins face-off versus Dylan Strome in Atomiques zone.
7:33 of 1st period - Snap shot by Brandon Saad.
7:33 of 1st period - Stopped by Alex Nedeljkovic without a rebound.
7:34 of 1st period - Dylan Strome wins face-off versus Phil McRae in Atomiques zone.
8:03 of 1st period - Wrist shot by Michael Ferland.
8:03 of 1st period - Stopped by Alex Nedeljkovic with a rebound.
8:25 of 1st period - Cody Goloubef is hit by Brendan Gaunce.
8:47 of 1st period - Snap shot by William Nylander.
8:47 of 1st period - Shot Misses the Net.
9:49 of 1st period - Oscar Sundqvist is hit by Taylor Aronson.
10:08 of 1st period - Icing by Oliver Kylington.
10:09 of 1st period - Oscar Sundqvist wins face-off versus Joshua Leivo in Atomiques zone.
10:20 of 1st period - Wrist shot by Kevin Fiala.
10:20 of 1st period - Shot Misses the Net.
10:38 of 1st period - Wrist shot by William Nylander.
10:38 of 1st period - Stopped by Alexandar Georgiev without a rebound.
10:39 of 1st period - Phil McRae wins face-off versus Anthony Cirelli in Demolitions zone.
10:48 of 1st period - Dennis Everberg is hit by William Nylander and loses puck.
10:55 of 1st period - Wrist shot by William Nylander.
10:55 of 1st period - Shot Blocked by Tommy Vannelli.
10:57 of 1st period - Wrist shot by William Nylander.
10:57 of 1st period - Stopped by Alexandar Georgiev without a rebound.
10:58 of 1st period - Pontus Aberg wins face-off versus Brendan Gaunce in Demolitions zone.
11:27 of 1st period - Minor Penalty to Brock Boeser for Hooking.
11:28 of 1st period - Oscar Sundqvist wins face-off versus Phil McRae in Atomiques zone.
12:18 of 1st period - Slapshot by Taylor Beck.
12:18 of 1st period - Stopped by Alex Nedeljkovic with a rebound.
12:20 of 1st period - Slapshot by Olli Maatta.
12:20 of 1st period - Shot Misses the Net.
12:22 of 1st period - Slapshot by Wiley Sherman.
12:22 of 1st period - Goal by Wiley Sherman - Atomiques : 0 - Demolitions : 1.
12:23 of 1st period - Dylan Strome wins face-off versus Phil McRae in neutral zone.
12:30 of 1st period - Snap shot by Brandon Saad.
12:30 of 1st period - Stopped by Alex Nedeljkovic with a rebound.
12:32 of 1st period - Wrist shot by Dennis Everberg.
12:32 of 1st period - Shot Blocked by Matt Tennyson.
12:34 of 1st period - Wrist shot by Dennis Everberg.
12:34 of 1st period - Shot Misses the Net.
12:36 of 1st period - Snap shot by Dennis Everberg.
12:36 of 1st period - Shot Misses the Net.
12:38 of 1st period - Snap shot by Dennis Everberg.
12:38 of 1st period - Stopped by Alex Nedeljkovic with a rebound.
13:17 of 1st period - Wrist shot by Andrej Nestrasil.
13:17 of 1st period - Stopped by Alex Nedeljkovic with a rebound.
13:19 of 1st period - Slapshot by Juuso Riikola.
13:19 of 1st period - Shot Misses the Net.
13:21 of 1st period - Snap shot by Benn Ferriero.
13:21 of 1st period - Stopped by Alex Nedeljkovic with a rebound.
13:49 of 1st period - Minor Penalty to Dennis Everberg for High sticking.
13:50 of 1st period - Brandon Saad wins face-off versus Brock McGinn in Demolitions zone.
14:29 of 1st period - J.T. Brown is hit by Pontus Aberg and loses puck.
15:48 of 1st period - J.T. Brown is hit by Nicolas Aube-Kubel and loses puck.
15:49 of 1st period - Penalty to Dennis Everberg is over, Dennis Everberg is back on ice.
16:30 of 1st period - Oliver Kylington is hit by Nikita Tryamkin.
16:42 of 1st period - Snap shot by J.T. Brown.
16:42 of 1st period - Stopped by Alex Nedeljkovic with a rebound.
16:44 of 1st period - Slapshot by Tommy Vannelli.
16:44 of 1st period - Shot Blocked by Cody Goloubef.
17:08 of 1st period - Snap shot by J.T. Brown.
17:08 of 1st period - Shot Misses the Net.
17:10 of 1st period - Wrist shot by J.T. Brown.
17:10 of 1st period - Shot Blocked by Cody Goloubef.
17:13 of 1st period - Icing by Cody Goloubef.
17:14 of 1st period - Dylan Strome wins face-off versus Andrej Nestrasil in Atomiques zone.
17:25 of 1st period - Slapshot by Cody Goloubef.
17:25 of 1st period - Shot Misses the Net.
17:27 of 1st period - Slapshot by Matt Tennyson.
17:27 of 1st period - Stopped by Alexandar Georgiev with a rebound.
17:56 of 1st period - Snap shot by Brendan Lemieux.
17:56 of 1st period - Stopped by Alexandar Georgiev without a rebound.
17:57 of 1st period - Christoph Bertschy wins face-off versus Oscar Sundqvist in Demolitions zone.
18:28 of 1st period - Brendan Guhle is hit by Joshua Leivo and loses puck.
18:48 of 1st period - Snap shot by William Nylander.
18:48 of 1st period - Shot Misses the Net.
19:03 of 1st period - Off-side.
19:04 of 1st period - Brandon Saad wins face-off versus Oscar Sundqvist in neutral zone.
19:27 of 1st period - Off-side.
19:28 of 1st period - Michael Ferland wins face-off versus Anthony Cirelli in neutral zone.
19:33 of 1st period - Wrist shot by Andrej Nestrasil.
19:33 of 1st period - Stopped by Alex Nedeljkovic with a rebound.
19:35 of 1st period - Slapshot by Tommy Vannelli.
19:35 of 1st period - Stopped by Alex Nedeljkovic with a rebound.
19:55 of 1st period - Brandon Saad is hit by Brock McGinn.
19:59 of 1st period - Snap shot by Oscar Sundqvist.
19:59 of 1st period - Shot Misses the Net.
Goals for this period are 0 for Atomiques vs 1 for Demolitions.
Shots for this period are 5 for Atomiques vs 16 for Demolitions.
2nd period
0:01 of 2nd period - Oscar Sundqvist wins face-off versus Phil McRae in neutral zone.
1:44 of 2nd period - Slapshot by William Nylander.
1:44 of 2nd period - Shot Blocked by Juuso Riikola.
2:04 of 2nd period - Brock Boeser is hit by Andrej Nestrasil and loses puck.
2:09 of 2nd period - Wrist shot by Andrej Nestrasil.
2:09 of 2nd period - Stopped by Alex Nedeljkovic with a rebound.
2:11 of 2nd period - Slapshot by Taylor Aronson.
2:11 of 2nd period - Shot Misses the Net.
2:13 of 2nd period - Wrist shot by Benn Ferriero.
2:13 of 2nd period - Shot Blocked by William Nylander.
2:33 of 2nd period - Wrist shot by Brendan Lemieux.
2:33 of 2nd period - Shot Misses the Net.
2:35 of 2nd period - Backhand shot by Oliver Kylington.
2:35 of 2nd period - Stopped by Alexandar Georgiev without a rebound.
2:36 of 2nd period - Phil McRae wins face-off versus Oscar Sundqvist in Demolitions zone.
2:42 of 2nd period - Off-side.
2:43 of 2nd period - Phil McRae wins face-off versus Oscar Sundqvist in neutral zone.
3:13 of 2nd period - Wrist shot by Taylor Beck.
3:13 of 2nd period - Shot Misses the Net.
3:17 of 2nd period - Wrist shot by J.T. Brown.
3:17 of 2nd period - Stopped by Alex Nedeljkovic without a rebound.
3:18 of 2nd period - Chase De Leo wins face-off versus Phil McRae in Atomiques zone.
4:07 of 2nd period - Brock Boeser is hit by Juuso Riikola and loses puck.
4:23 of 2nd period - Icing by Michael Ferland.
4:24 of 2nd period - Dylan Strome wins face-off versus Andrej Nestrasil in Demolitions zone.
4:31 of 2nd period - Snap shot by Brendan Lemieux.
4:31 of 2nd period - Shot Misses the Net.
4:33 of 2nd period - Slapshot by Oliver Kylington.
4:33 of 2nd period - Deflect By Andrej Nestrasil.
4:33 of 2nd period - Stopped by Alexandar Georgiev with a rebound.
4:35 of 2nd period - Snap shot by Kevin Fiala.
4:35 of 2nd period - Shot Blocked by Wiley Sherman.
4:45 of 2nd period - Minor Penalty to Andrej Nestrasil for Hooking.
4:46 of 2nd period - Brandon Saad wins face-off versus Oscar Sundqvist in Demolitions zone.
4:46 of 2nd period - Brandon Saad is hit by Cody Goloubef.
5:24 of 2nd period - J.T. Brown is hit by William Nylander.
6:45 of 2nd period - Penalty to Andrej Nestrasil is over, Andrej Nestrasil is back on ice.
7:02 of 2nd period - Snap shot by Alex Hutchings.
7:02 of 2nd period - Shot Misses the Net.
7:08 of 2nd period - Wrist shot by Alex Hutchings.
7:08 of 2nd period - Stopped by Alex Nedeljkovic with a rebound.
8:50 of 2nd period - William Nylander is hit by Taylor Beck.
9:17 of 2nd period - Jeremy Lauzon is hit by Nikita Tryamkin and loses puck.
9:34 of 2nd period - Snap shot by Nicolas Aube-Kubel.
9:34 of 2nd period - Shot Blocked by Juuso Riikola.
9:36 of 2nd period - Snap shot by Nicolas Aube-Kubel.
9:36 of 2nd period - Shot Blocked by Nikita Tryamkin.
9:54 of 2nd period - Wrist shot by Christoph Bertschy.
9:54 of 2nd period - Stopped by Alex Nedeljkovic without a rebound.
9:55 of 2nd period - Chase De Leo wins face-off versus Phil McRae in Atomiques zone.
10:32 of 2nd period - Slapshot by Brock McGinn.
10:32 of 2nd period - Deflect By Pontus Aberg.
10:32 of 2nd period - Stopped by Alexandar Georgiev with a rebound.
10:34 of 2nd period - Snap shot by Brendan Guhle.
10:34 of 2nd period - Stopped by Alexandar Georgiev with a rebound.
11:13 of 2nd period - Wrist shot by Andrej Nestrasil.
11:13 of 2nd period - Stopped by Alex Nedeljkovic without a rebound.
11:14 of 2nd period - Phil McRae wins face-off versus Dylan Strome in Atomiques zone.
11:17 of 2nd period - Snap shot by Dennis Everberg.
11:17 of 2nd period - Shot Blocked by Kevin Fiala.
11:23 of 2nd period - Snap shot by Brendan Lemieux.
11:23 of 2nd period - Stopped by Alexandar Georgiev with a rebound.
11:25 of 2nd period - Snap shot by Brendan Lemieux.
11:25 of 2nd period - Stopped by Alexandar Georgiev with a rebound.
11:39 of 2nd period - Taylor Beck is hit by Anthony Cirelli and loses puck.
11:44 of 2nd period - Slapshot by William Nylander.
11:44 of 2nd period - Stopped by Alexandar Georgiev with a rebound.
12:18 of 2nd period - Slapshot by Matt Tennyson.
12:18 of 2nd period - Shot Blocked by Joshua Leivo.
13:45 of 2nd period - Phil McRae is hit by Brendan Lemieux and loses puck.
14:00 of 2nd period - Slapshot by Taylor Aronson.
14:00 of 2nd period - Stopped by Alex Nedeljkovic without a rebound.
14:01 of 2nd period - Chase De Leo wins face-off versus Christoph Bertschy in Atomiques zone.
14:10 of 2nd period - Snap shot by Nicolas Aube-Kubel.
14:10 of 2nd period - Stopped by Alexandar Georgiev with a rebound.
14:12 of 2nd period - Slapshot by Brendan Guhle.
14:12 of 2nd period - Stopped by Alexandar Georgiev without a rebound.
14:13 of 2nd period - Anthony Cirelli wins face-off versus Dennis Everberg in Demolitions zone.
14:14 of 2nd period - Wrist shot by Brock Boeser.
14:14 of 2nd period - Deflect By William Nylander.
14:14 of 2nd period - Shot Misses the Net.
14:14 of 2nd period - Puck is out of play.
14:15 of 2nd period - Phil McRae wins face-off versus Anthony Cirelli in Demolitions zone.
15:02 of 2nd period - Wrist shot by Joshua Leivo.
15:02 of 2nd period - Stopped by Alex Nedeljkovic with a rebound.
15:06 of 2nd period - Snap shot by Joshua Leivo.
15:06 of 2nd period - Shot Misses the Net.
15:57 of 2nd period - Snap shot by J.T. Brown.
15:57 of 2nd period - Stopped by Alex Nedeljkovic with a rebound.
15:59 of 2nd period - Slapshot by Nikita Tryamkin.
15:59 of 2nd period - Stopped by Alex Nedeljkovic with a rebound.
16:31 of 2nd period - Kevin Fiala is hit by Wiley Sherman and loses puck.
16:40 of 2nd period - Snap shot by Phil McRae.
16:40 of 2nd period - Stopped by Alex Nedeljkovic with a rebound.
16:46 of 2nd period - Minor Penalty to Brendan Lemieux for Holding.
16:47 of 2nd period - Phil McRae wins face-off versus Oscar Sundqvist in Atomiques zone.
18:46 of 2nd period - Penalty to Brendan Lemieux is over, Brendan Lemieux is back on ice.
19:17 of 2nd period - Off-side.
19:18 of 2nd period - Christoph Bertschy wins face-off versus Anthony Cirelli in neutral zone.
19:30 of 2nd period - Icing by Anthony Cirelli.
19:31 of 2nd period - Phil McRae wins face-off versus Anthony Cirelli in Atomiques zone.
19:45 of 2nd period - Snap shot by William Nylander.
19:45 of 2nd period - Deflect By Brock Boeser.
19:45 of 2nd period - Shot Blocked by Wiley Sherman.
19:45 of 2nd period - Puck is out of play.
19:46 of 2nd period - Oscar Sundqvist wins face-off versus Phil McRae in Demolitions zone.
19:49 of 2nd period - Snap shot by Pontus Aberg.
19:49 of 2nd period - Stopped by Alexandar Georgiev with a rebound.
19:55 of 2nd period - Wrist shot by Pontus Aberg.
19:55 of 2nd period - Shot Blocked by Dennis Everberg.
19:57 of 2nd period - Wrist shot by Oscar Sundqvist.
19:57 of 2nd period - Shot Misses the Net.
19:59 of 2nd period - Slapshot by Cody Goloubef.
19:59 of 2nd period - Deflect By Pontus Aberg.
19:59 of 2nd period - Stopped by Alexandar Georgiev without a rebound.
Goals for this period are 0 for Atomiques vs 0 for Demolitions.
Shots for this period are 11 for Atomiques vs 10 for Demolitions.
3rd period
0:01 of 3rd period - Anthony Cirelli wins face-off versus Phil McRae in neutral zone.
0:10 of 3rd period - Snap shot by Brock Boeser.
0:10 of 3rd period - Stopped by Alexandar Georgiev with a rebound.
0:27 of 3rd period - Snap shot by Andrej Nestrasil.
0:27 of 3rd period - Stopped by Alex Nedeljkovic with a rebound.
0:33 of 3rd period - Wrist shot by William Nylander.
0:33 of 3rd period - Shot Misses the Net.
0:39 of 3rd period - Slapshot by Cody Goloubef.
0:39 of 3rd period - Stopped by Alexandar Georgiev without a rebound.
0:40 of 3rd period - Phil McRae wins face-off versus Oscar Sundqvist in Demolitions zone.
1:10 of 3rd period - Snap shot by Taylor Beck.
1:10 of 3rd period - Shot Misses the Net.
1:12 of 3rd period - Slapshot by J.T. Brown.
1:12 of 3rd period - Stopped by Alex Nedeljkovic without a rebound.
1:13 of 3rd period - Phil McRae wins face-off versus William Nylander in Atomiques zone.
1:18 of 3rd period - Wrist shot by Dennis Everberg.
1:18 of 3rd period - Stopped by Alex Nedeljkovic with a rebound.
1:22 of 3rd period - Snap shot by Dennis Everberg.
1:22 of 3rd period - Stopped by Alex Nedeljkovic without a rebound.
1:23 of 3rd period - Anthony Cirelli wins face-off versus Phil McRae in Atomiques zone.
1:44 of 3rd period - Slapshot by Wiley Sherman.
1:44 of 3rd period - Stopped by Alex Nedeljkovic without a rebound.
1:45 of 3rd period - Oscar Sundqvist wins face-off versus Brendan Gaunce in Atomiques zone.
1:45 of 3rd period - Oscar Sundqvist is hit by J.T. Brown.
1:53 of 3rd period - Snap shot by Oscar Sundqvist.
1:53 of 3rd period - Shot Blocked by J.T. Brown.
1:55 of 3rd period - Slapshot by Jeremy Lauzon.
1:55 of 3rd period - Shot Blocked by Brendan Gaunce.
1:59 of 3rd period - Snap shot by Brock McGinn.
1:59 of 3rd period - Shot Misses the Net.
2:01 of 3rd period - Snap shot by Pontus Aberg.
2:01 of 3rd period - Shot Hit the Post.
2:11 of 3rd period - Dennis Everberg is hit by Jeremy Lauzon and loses puck.
2:56 of 3rd period - Slapshot by Nicolas Aube-Kubel.
2:56 of 3rd period - Shot Misses the Net.
2:58 of 3rd period - Snap shot by Kirill Kaprizov.
2:58 of 3rd period - Stopped by Alexandar Georgiev with a rebound.
3:00 of 3rd period - Slapshot by Oliver Kylington.
3:00 of 3rd period - Stopped by Alexandar Georgiev with a rebound.
3:18 of 3rd period - Wrist shot by Pontus Aberg.
3:18 of 3rd period - Stopped by Alexandar Georgiev without a rebound.
3:19 of 3rd period - Phil McRae wins face-off versus Anthony Cirelli in Demolitions zone.
3:23 of 3rd period - Off-side.
3:24 of 3rd period - Anthony Cirelli wins face-off versus Brandon Saad in neutral zone.
3:49 of 3rd period - Brock McGinn is hit by Brendan Gaunce and loses puck.
4:28 of 3rd period - Icing by Matt Tennyson.
4:29 of 3rd period - Christoph Bertschy wins face-off versus Chase De Leo in Atomiques zone.
5:21 of 3rd period - Snap shot by Joshua Leivo.
5:21 of 3rd period - Shot Blocked by Oscar Sundqvist.
5:45 of 3rd period - Slapshot by Brock Boeser.
5:45 of 3rd period - Shot Misses the Net.
5:59 of 3rd period - Snap shot by Dennis Everberg.
5:59 of 3rd period - Stopped by Alex Nedeljkovic with a rebound.
6:01 of 3rd period - Slapshot by Nikita Tryamkin.
6:01 of 3rd period - Shot Misses the Net.
6:07 of 3rd period - Slapshot by Brandon Saad.
6:07 of 3rd period - Shot Blocked by Dylan Strome.
6:59 of 3rd period - Snap shot by Kevin Fiala.
6:59 of 3rd period - Shot Misses the Net.
7:01 of 3rd period - Wrist shot by Kevin Fiala.
7:01 of 3rd period - Shot Blocked by Andrej Nestrasil.
7:03 of 3rd period - Wrist shot by Jeremy Lauzon.
7:03 of 3rd period - Stopped by Alexandar Georgiev with a rebound.
7:05 of 3rd period - Snap shot by Dylan Strome.
7:05 of 3rd period - Stopped by Alexandar Georgiev with a rebound.
7:37 of 3rd period - Minor Penalty to Brendan Gaunce for Hooking.
7:38 of 3rd period - Oscar Sundqvist wins face-off versus Brandon Saad in Demolitions zone.
9:37 of 3rd period - Penalty to Brendan Gaunce is over, Brendan Gaunce is back on ice.
9:48 of 3rd period - Snap shot by Nicolas Aube-Kubel.
9:48 of 3rd period - Shot Blocked by Juuso Riikola.
9:50 of 3rd period - Snap shot by Nicolas Aube-Kubel.
9:50 of 3rd period - Shot Misses the Net.
10:24 of 3rd period - Matt Tennyson is hit by Andrej Nestrasil and loses puck.
10:31 of 3rd period - Wrist shot by Andrej Nestrasil.
10:31 of 3rd period - Stopped by Alex Nedeljkovic with a rebound.
10:41 of 3rd period - Snap shot by Andrej Nestrasil.
10:41 of 3rd period - Stopped by Alex Nedeljkovic without a rebound.
10:42 of 3rd period - Anthony Cirelli wins face-off versus Phil McRae in Atomiques zone.
11:03 of 3rd period - Minor Penalty to Brock Boeser for Roughing.
11:04 of 3rd period - Oscar Sundqvist wins face-off versus Phil McRae in Atomiques zone.
12:39 of 3rd period - Pontus Aberg is hit by Olli Maatta.
13:03 of 3rd period - Penalty to Brock Boeser is over, Brock Boeser is back on ice.
13:16 of 3rd period - Oliver Kylington is hit by Nikita Tryamkin.
13:57 of 3rd period - Wrist shot by Kevin Fiala.
13:57 of 3rd period - Shot Blocked by Taylor Aronson.
13:59 of 3rd period - Slapshot by Oliver Kylington.
13:59 of 3rd period - Shot Blocked by Taylor Aronson.
14:29 of 3rd period - Slapshot by Nicolas Aube-Kubel.
14:29 of 3rd period - Shot Blocked by Phil McRae.
14:42 of 3rd period - Minor Penalty to Brendan Gaunce for Hooking.
14:43 of 3rd period - Brandon Saad wins face-off versus Oscar Sundqvist in Demolitions zone.
15:08 of 3rd period - Wiley Sherman is hit by Dylan Strome and loses puck.
15:13 of 3rd period - Snap shot by Brock Boeser.
15:13 of 3rd period - Goal by Brock Boeser - Atomiques : 1 - Demolitions : 1.
15:14 of 3rd period - Dylan Strome wins face-off versus Phil McRae in neutral zone.
15:53 of 3rd period - Slapshot by J.T. Brown.
15:53 of 3rd period - Shot Blocked by Cody Goloubef.
16:07 of 3rd period - Snap shot by Christoph Bertschy.
16:07 of 3rd period - Shot Misses the Net.
16:09 of 3rd period - Wrist shot by Alex Hutchings.
16:09 of 3rd period - Goal by Alex Hutchings - Atomiques : 1 - Demolitions : 2.
16:10 of 3rd period - Dylan Strome wins face-off versus Phil McRae in neutral zone.
16:39 of 3rd period - Wrist shot by Brock McGinn.
16:39 of 3rd period - Stopped by Alexandar Georgiev without a rebound.
16:40 of 3rd period - Oscar Sundqvist wins face-off versus Phil McRae in Demolitions zone.
16:54 of 3rd period - Off-side.
16:55 of 3rd period - Andrej Nestrasil wins face-off versus Dylan Strome in neutral zone.
17:21 of 3rd period - Chase De Leo is hit by Dennis Everberg and loses puck.
17:42 of 3rd period - Brock McGinn is hit by Brendan Gaunce and loses puck.
18:25 of 3rd period - Snap shot by Kevin Fiala.
18:25 of 3rd period - Stopped by Alexandar Georgiev with a rebound.
18:27 of 3rd period - Snap shot by Brendan Lemieux.
18:27 of 3rd period - Shot Misses the Net.
18:29 of 3rd period - Snap shot by Dylan Strome.
18:29 of 3rd period - Deflect By Brendan Lemieux.
18:29 of 3rd period - Stopped by Alexandar Georgiev with a rebound.
18:31 of 3rd period - Wrist shot by Sean Walker.
18:31 of 3rd period - Deflect By Dennis Everberg.
18:31 of 3rd period - Stopped by Alexandar Georgiev with a rebound.
18:33 of 3rd period - Slapshot by Sean Walker.
18:33 of 3rd period - Stopped by Alexandar Georgiev with a rebound.
18:43 of 3rd period - Brandon Saad is hit by Oscar Sundqvist and loses puck.
19:02 of 3rd period - Atomiques, Alex Nedeljkovic is pulled from the net.
19:08 of 3rd period - Wrist shot by Pontus Aberg.
19:08 of 3rd period - Stopped by Alexandar Georgiev without a rebound.
19:09 of 3rd period - Denis Savard call a timeout for Atomiques.
19:09 of 3rd period - Brandon Saad wins face-off versus Oscar Sundqvist in Demolitions zone.
19:14 of 3rd period - Snap shot by Olli Maatta.
19:14 of 3rd period - Shot Misses the Net.
19:29 of 3rd period - Icing by Wiley Sherman.
19:30 of 3rd period - Dennis Everberg wins face-off versus Oscar Sundqvist in Demolitions zone.
Goals for this period are 1 for Atomiques vs 1 for Demolitions.
Shots for this period are 14 for Atomiques vs 9 for Demolitions.
Output by the SimonT Hockey Simulator (STHS) for Francois Prevost